 Dungeon Crawl Stone Soup version 0.22-a0-460-g49b1da7 (webtiles) character file.

77 jerryfan the Cutter (level 4, 0/29 HPs)
             Began as a Halfling Gladiator on June 9, 2018.
             Slain by Jessica (4 damage)
             ... on level 2 of the Dungeon.
             The game lasted 00:04:27 (1175 turns).

jerryfan the Cutter (Halfling Gladiator)            Turns: 1175, Time: 00:04:27

Health: 0/29       AC:  4    Str: 13 (15) XL:     4   Next: 58%
Magic:  13/13      EV: 16    Int:  5 (6)  God:
Gold:   54         SH:  0    Dex: 14 (16) Spells: 3/3 levels left

rFire    . . .     SeeInvis .   a - +0 rapier
rCold    . . .     Gourm    .   (shield restricted)
rNeg     . . .     Faith    .   b - +0 leather armour
rPois    .         Spirit   .   c - +0 helmet
rElec    .         Reflect  .   (no cloak)
rCorr    .         Harm     .   (no gloves)
MR       .....                  (no boots)
Stlth    +.........             (no amulet)
HPRegen  0.09/turn              q - ring of magical power
MPRegen  0.13/turn              (no ring)

@: confused
A: small, mutation resistance 1
a: no special abilities


You were on level 2 of the Dungeon.
You were not hungry.

You visited 1 branch of the dungeon, and saw 2 of its levels.

You collected 54 gold pieces.

Inventory:

Hand Weapons
 a - a +0 rapier (weapon)
Missiles
 h - 72 stones (quivered)
 l - 36 poisoned needles
 s - 23 arrows
Armour
 b - a +0 leather armour (worn)
 c - a +0 helmet (worn)
Jewellery
 q - a ring of magical power (left hand)
Scrolls
 g - a scroll of magic mapping {unknown}
 j - a scroll of blinking {unknown}
 k - 2 scrolls of enchant weapon {unknown}
 m - a scroll of enchant armour {unknown}
 n - 3 scrolls of identify
 t - 2 scrolls of teleportation {unknown}
Potions
 p - a potion of brilliance {unknown}
Comestibles
 f - 2 rations
 o - 7 chunks of flesh


   Skills:
 - Level 1.7 Fighting
 + Level 4.2 Short Blades
 + Level 2.6 Throwing
 + Level 3.8 Dodging
 * Level 2.7 Stealth


You had 3 spell levels left.
You didn't know any spells.
Your spell library contained the following spells:

 Spells                   Type           Power        Failure   Level  Hunger
 Spider Form              Tmut/Pois      #.........   90%         3    ####...
 Blade Hands              Tmut           #.........   100%        5    ######.
 Ice Form                 Ice/Tmut       #.......     100%        4    #####..
 Sticks to Snakes         Tmut           #.......     71%         2    ###....
 Beastly Appendage        Tmut           #.....       56%         1    ##.....


Dungeon Overview and Level Annotations

Branches:
Dungeon (2/15)

Altars:
Makhleb

Annotations:
D:2 Jessica


Innate Abilities, Weirdness & Mutations

You are small and have problems with some larger weapons.
You are somewhat resistant to further mutation.


Message History

Jessica is heavily wounded.
Jessica points at you and mumbles some strange words.
You feel yourself slow down. Jessica hits you but does no damage.
It was a potion of degeneration.
There was something very wrong with that liquid.
You feel weakened.
You feel dopey.
You feel clumsy. Jessica closely misses you. Jessica barely misses you.
It was a potion of cancellation.
Your magical effects are unravelling.
You feel magically purged.
You feel yourself speed up. Jessica casts a spell at you.
Pain shoots through your body!
* * * LOW HITPOINT WARNING * * *
Jessica points at you and mumbles some strange words.
You barely resist.
It was a potion of ambrosia.
You are confused.
You feel invigorated. Jessica hits you.
You die...

#...##.#..### #..# ##.#..#
##...# #.. .... ##...#.#
###.# #.. .... ##......#
#.#####.# ..... #.......#
#..)..#.# ..... #.......#
#####)#.# ...... #..>....# ##
#.....##..)...
##......##..####.##.##......#
#......)###.....@...........#
#...........####@####.......#
#.......##..##.....##.......#
##.....####.#.......#.......#
##..... .#.......#.......#
###### ....._......######
..#.......#..#
#..#...(...#..# #..##.....##
.#


You could see Jessica.

Vanquished Creatures
  3 gnolls (D:2)
  2 adders (D:2)
  An ooze (D:1)
  A dart slug (D:2)
  2 leopard geckos (D:2)
  3 giant cockroaches
  2 goblins (D:1)
  3 kobolds
  3 bats
  A frilled lizard (D:1)
  4 rats
25 creatures vanquished.

Notes
Turn   | Place    | Note
-------+----------+-------------------------------------------
     0 | D:1      | jerryfan the Halfling Gladiator began the quest for the Orb.
     0 | D:1      | Reached XP level 1. HP: 14/14 MP: 1/1
   124 | D:1      | Reached XP level 2. HP: 19/19 MP: 2/2
   136 | D:1      | Reached skill level 1 in Stealth
   217 | D:1      | You fall through a shaft!
   740 | D:2      | Reached skill level 4 in Short Blades
   740 | D:2      | Reached XP level 3. HP: 24/24 MP: 3/3
  1019 | D:2      | Reached XP level 4. HP: 27/29 MP: 4/4
  1145 | D:2      | Found a burning altar of Makhleb.
  1147 | D:2      | Noticed Jessica
  1174 | D:2      | HP: 1/29 [Jessica/nerve-wracking pain (13)]
  1175 | D:2      | Slain by Jessica

Vault maps used:
D:1:      dpeg_arrival_tiny_f, serial_forest, infiniplex_forest_zigzag_1,
          infiniplex_forest_straight_4, infiniplex_forest_clump_tiny,
          infiniplex_forest_straight_2, infiniplex_forest_lined_room_2,
          infiniplex_forest_straight_2, infiniplex_forest_lined_room_2,
          infiniplex_forest_clump_large, infiniplex_forest_zigzag_1
D:2:      old_standard_altar, nicolae_gozag_cash_rules_everything_around_me,
          uniq_jessica

Skill      XL: |  1  2  3 |
---------------+----------+-----
Stealth        | 1 2 |  2.7
Short Blades   | 4 |  4.2
Fighting       | |  1.7
Throwing       | |  2.6
Dodging        | |  3.8

Action                   |  1- 3 |  4- 6 || total
-------------------------+-------+-------++-------
Melee: Rapier            |    53 |    41 ||    94
Throw: Throwing net      |     2 |     3 ||     5
  Use: Scroll            |     1 |       ||     1
       Potion            |       |     3 ||     3
 Stab: Sleeping          |     1 |       ||     1
  Eat: Chunk             |       |     1 ||     1
Armor: Leather armour    |     7 |    13 ||    20
Dodge: Dodged            |    36 |    42 ||    78

Table legend:
 A = Spawn XP
 B = Non-spawn XP
 C = Spawn XP percentage of total XP
 D = Spawn monster count
 E = Non-spawn monster count
 F = Spawn count percentage of total count
 G = Total turns spent on level
                    A         B        C        D         E        F      G
               +---------+---------+-------+---------+---------+-------+---------
         Total |       0 |     110 |   0.0 |       0 |      25 |   0.0 |  1175
               +---------+---------+-------+---------+---------+-------+---------
           D:1 |       0 |      22 |   0.0 |       0 |      11 |   0.0 |   659
           D:2 |       0 |      88 |   0.0 |       0 |      14 |   0.0 |   516
               +---------+---------+-------+---------+---------+-------+---------
